 Dungeon Crawl Stone Soup version 0.21.1-1-g345015f (webtiles) character file.

151 kae the Insei (level 5, -2/34 HPs)
             Began as an Octopode Transmuter on May 27, 2018.
             Was an Initiate of Cheibriados.
             Succumbed to Sigmund's poison
             ... on level 2 of the Dungeon.
             The game lasted 00:02:19 (3482 turns).

kae the Insei (Octopode Transmuter)                 Turns: 3482, Time: 00:02:20

Health: -2/34      AC:  2    Str: 10    XL:     5   Next: 33%
Magic:  6/8        EV: 21    Int: 17    God:    Cheibriados [......]
Gold:   152        SH:  0    Dex: 19    Spells: 3/9 levels left

rFire    . . .     SeeInvis .     - Unarmed
rCold    . . .     Gourm    .   (shield currently unavailable)
rNeg     . . .     Faith    .   (helmet currently unavailable)
rPois    x         Spirit   .   (no amulet)
rElec    .         Reflect  .   (no ring)
rCorr    .         Harm     .   (no ring)
MR       .....                  (no ring)
Stlth    ++........             (no ring)
HPRegen  0.11/turn              (no ring)
MPRegen  0.11/turn              (no ring)
                                (no ring)
                                (no ring)

@: lethally poisoned (-2 -> -60), spider-form (expiring), very slow
A: tiny, almost no armour, stealthy swim, (amphibious), 8 rings, (constrict 8)
a: End Transformation, Bend Time, Renounce Religion


You were on level 2 of the Dungeon.
You worshipped Cheibriados.
Cheibriados was noncommittal.
You were very hungry.
You were a venomous arachnid creature.
You visited 1 branch of the dungeon, and saw 2 of its levels.

You collected 152 gold pieces.

Inventory:

Missiles
 a - 33 arrows
Jewellery
 i - a cursed amulet of inaccuracy {unknown}
Scrolls
 d - 6 scrolls of teleportation {unknown}
 e - a scroll of fear {unknown}
 g - 2 scrolls of fog {unknown}
 j - 2 scrolls of remove curse {unknown}
 m - a scroll of enchant weapon {unknown}
 o - 3 scrolls of identify {unknown}
Potions
 f - 2 potions of degeneration {unknown}
 h - 2 potions of flight {unknown}
 k - 2 potions of curing {unknown}
 l - a potion of brilliance {unknown}
 n - a potion of heal wounds {unknown}
Books
 b - a book of Changes

   Spells                             Type                      Level
   a - Beastly Appendage              Transmutation                1
   b - Sticks to Snakes               Transmutation                2
   c - Spider Form                    Transmutation/Poison         3
   d - Ice Form                       Ice/Transmutation            4
   e - Blade Hands                    Transmutation                5
Comestibles
 c - 5 rations


   Skills:
 + Level 1.7 Fighting
 + Level 2.7 Dodging
 * Level 3.9 Unarmed Combat
 + Level 2.6 Spellcasting
 * Level 3.4 Transmutations


You had 3 spell levels left.
You knew the following spells:

 Your Spells              Type           Power        Failure   Level  Hunger
a - Beastly Appendage     Tmut           ##....       13%         1    #......
b - Sticks to Snakes      Tmut           ##......     19%         2    ##.....
c - Spider Form           Tmut/Pois      #.........   47%         3    ###....


Dungeon Overview and Level Annotations

Branches:
Dungeon (2/15)

Altars:
Cheibriados

Annotations:
D:2 Sigmund


Innate Abilities, Weirdness & Mutations

You cannot wear most types of armour.
You are very stealthy in the water. (Stealth+)
((You are amphibious.))
You can wear up to eight rings at the same time.
((You can use your tentacles to constrict eight enemies at once.))
((Your skin changes colour to match your surroundings (Stealth+).))
((Your rubbery body absorbs attacks. (AC +1, EV +1)))


Message History

Sigmund hits you with a scythe of venom!
You are more poisoned.
You are too injured to fight recklessly!
You are too injured to fight recklessly!
You are too injured to fight recklessly!
You are too injured to fight recklessly!
You are too injured to fight recklessly!
You hit Sigmund.
Sigmund is moderately wounded.
* * * LOW HITPOINT WARNING * * *
You feel very sick.
You hit Sigmund but do no damage.
Sigmund looks as sick as possible!
Sigmund is heavily wounded.
* * * LOW HITPOINT WARNING * * *
You feel very sick. Sigmund misses you.
You are feeling very hungry.
You hit Sigmund.
Sigmund looks as sick as possible!
Sigmund is severely wounded.
You die...

..###.# #.# ♣.....# #.#
.♣###.###############.###
.♣ #................#..#
♣♣###.#...........###>#.#
..♣...#..##.#####.# #†#.#
..♣####..##.# ##.###.#.#
..♣####..##.####...##.#.#
...♣.##..##.#...s@....#.#
.♣.♣........#.##...####.#
...♣..#..####.###.## #.#
..♣.###..# #...#.# #.#
...♣# #..# #._.#.#####.#
...♣###..# #...........#
......#..####..##..###.##
..♣................# #.#
.....###.#########.# #.#


You could see Sigmund.

Vanquished Creatures
  Jessica (D:2)
  An adder (D:2)
  4 gnolls
  An ooze (D:2)
  2 worms (D:2)
  A dart slug (D:2)
  2 leopard geckos
  A ball python (D:2)
  5 giant cockroaches
  5 goblins
  9 hobgoblins
  6 jackals
  3 quokkas (D:2)
  A bat (D:1)
  5 frilled lizards
  9 kobolds
  7 rats
63 creatures vanquished.

Notes
Turn   | Place    | Note
-------+----------+-------------------------------------------
     0 | D:1      | kae the Octopode Transmuter began the quest for the Orb.
     0 | D:1      | Reached XP level 1. HP: 13/13 MP: 3/3
    16 | D:1      | Reached XP level 2. HP: 13/18 MP: 3/5
   367 | D:1      | Reached XP level 3. HP: 23/23 MP: 4/6
   378 | D:1      | Learned a level 2 spell: Sticks to Snakes
   382 | D:1      | Learned a level 3 spell: Spider Form
  1086 | D:2      | Noticed Jessica
  1522 | D:2      | Killed Jessica
  1522 | D:2      | Reached XP level 4. HP: 8/28 MP: 5/7
  2306 | D:2      | Reached XP level 5. HP: 25/34 MP: 8/8
  2409 | D:2      | Noticed Sigmund
  3319 | D:2      | Found a snail-covered altar of Cheibriados.
  3469 | D:2      | Became a worshipper of Cheibriados the Contemplative
  3482 | D:2      | Succumbed to Sigmund's poison

Skill      XL: |  1  2  3 |
---------------+----------+-----
Transmutations | 3 |  3.4
Fighting       | |  1.7
Dodging        | |  2.7
Unarmed Combat | |  3.9
Spellcasting   | |  2.6

Action                   |  1- 3 |  4- 6 || total
-------------------------+-------+-------++-------
Melee: Unarmed           |    87 |    77 ||   164
       Constrict         |    26 |    16 ||    42
       Kick              |    18 |     9 ||    27
       Tentacles         |    14 |     8 ||    22
       Punch             |     1 |     4 ||     5
 Cast: Beastly Appendage |    14 |     4 ||    18
       Spider Form       |       |     1 ||     1
 Stab: Sleeping          |     1 |     9 ||    10
  Eat: Ration            |     1 |       ||     1
       Chunk             |       |     4 ||     4
Armor: Skin              |     5 |     2 ||     7
Dodge: Dodged            |    49 |    41 ||    90
